 Dungeon Crawl Stone Soup version 0.30.1-11-g7821555f0a (webtiles) character file.

Game seed: 4738739417342963996

13049 Pacifist the Basher (level 12, -1/73 HPs)
             Began as a Gargoyle Fighter on Dec 8, 2023.
             Was a Believer of the Shining One.
             Slain by a two-headed ogre
             ... wielding a +0 giant club
              (6 damage)
             ... on level 11 of the Dungeon.
             The game lasted 00:27:28 (14148 turns).

Pacifist the Basher (Gargoyle Fighter)             Turns: 14148, Time: 00:27:28

Health: -1/73      AC: 21    Str: 25    XL:     12   Next: 1%
Magic:  15/15      EV: 13    Int:  9    God:    the Shining One [**....]
Gold:   406        SH: 18    Dex:  9    Spells: 11/11 levels left

rFire   . . .        L - +0 flail (holy)
rCold   . . .        M - +4 tower shield
rNeg    + + .        g - +0 chain mail
rPois   ∞            (no helmet)
rElec   +            (no cloak)
rCorr   +            (no gloves)
SInv    .            o - +0 pair of boots
Will    .....        (no amulet) Stlth
                     n - ring "Onuomm" {rElec EV+5}
HPRegen 0.32/turn    u - ring of resist corrosion
MPRegen 0.14/turn

%: no passive effects
@: glowing
A: sickness immunity, AC +8, negative energy resistance 1, electricity
resistance, torment resistance 1, petrification resistance
a: Renounce Religion, Divine Shield


You were on level 11 of the Dungeon.
You worshipped the Shining One.
The Shining One was pleased with you.
You visited 2 branches of the dungeon, and saw 12 of its levels.
You also visited: Bailey.

You collected 516 gold pieces.
You spent 110 gold pieces at shops.

Inventory:

Hand Weapons
 a - a +0 flail
 c - a +2 flail of protection
 x - a +4 whip
 L - a +0 flail of holy wrath (weapon)
Missiles
 w - 2 throwing nets (quivered)
 D - 4 javelins
Armour
 g - a +0 chain mail (worn)
 o - a +0 pair of boots (worn)
 M - a +4 tower shield (worn)
Jewellery
 i - a +6 ring of intelligence
 n - the ring "Onuomm" (left hand) {rElec EV+5}
   (You found it on level 2 of the Dungeon)

   [ring of evasion]

   EV:        It affects your evasion (+5).
   rElec:     It insulates you from electricity.
 u - a ring of resist corrosion (right hand)
 v - a ring of ice
 E - a ring of willpower
 F - a ring of fire
 O - a ring of magical power
Wands
 y - a wand of mindburst (9)
 G - a wand of polymorph (12)
Scrolls
 h - 5 scrolls of blinking
 j - 2 scrolls of brand weapon {unknown}
 q - 6 scrolls of vulnerability
 s - 3 scrolls of fear {unknown}
 C - a scroll of butterflies
 I - a scroll of noise {unknown}
 J - a scroll of immolation {unknown}
 N - a scroll of enchant armour
 P - a scroll of identify
Potions
 b - 6 potions of ambrosia
 d - 4 potions of might
 e - 5 potions of curing
 k - 5 potions of flight
 l - 2 potions of magic
 m - 3 potions of resistance
 p - 2 potions of attraction
 r - 3 potions of mutation
 t - 2 potions of heal wounds
 z - a potion of brilliance
 A - 4 potions of haste
 B - 4 potions of invisibility
 H - 2 potions of cancellation {unknown}
 K - a potion of lignification {unknown}


   Skills:
 + Level 8.1 Fighting
 + Level 11.6 Maces & Flails
 + Level 0.1 Throwing
 + Level 9.0 Armour
 + Level 5.5 Dodging
 + Level 1.2 Stealth
 + Level 9.1 Shields
 * Level 4.8 Invocations


You had 11 spell levels left.
You didn't know any spells.
Your spell library contained the following spells:

 Spells                   Type           Power      Damage    Failure   Level
 Magic Dart               Conj           0%         1d3       99%         1
 Ensorcelled Hibernation  Hex/Ice        0%         N/A       100%        2
 Passwall                 Tmut/Erth      0%         N/A       100%        2
 Searing Ray              Conj           0%         2d4       100%        2
 Dazzling Flash           Conj/Hex       0%         N/A       100%        3
 Swiftness                Air            0%         N/A       100%        3
 Volatile Blastmotes      Fire/Tloc      0%         2d10      100%        3
 Fulminant Prism          Conj/Hex       0%         3d5       100%        4
 Iskenderun's Mystic Bla  Conj/Tloc      0%         2d3       100%        4
 Manifold Assault         Tloc           0%         N/A       100%        4
 Agony                    Necr           0%         N/A       100%        5
 Lee's Rapid Deconstruct  Erth           0%         3d4*      100%        5
 Silence                  Hex/Air        0%         N/A       100%        5
 Dispersal                Tloc           0%         N/A       100%        6
 Disjunction              Tloc           0%         N/A       100%        8


Dungeon Overview and Level Annotations

Branches:
Dungeon (11/15)            Temple (1/1) D:7            Lair (0/5) D:9
    Orc (0/2) D:9          Bailey (visited)

Altars:
Ashenzari
Cheibriados
Dithmenos
Elyvilon
Fedhas
Gozag
Hepliaklqana
Kikubaaqudgha
Makhleb
Nemelex Xobeh
Okawaru
Qazlal
Ru
Sif Muna
Trog
Uskayaw
Vehumet
Wu Jian
Xom
Yredelemnul
Zin
The Shining One

Shops:
D:3 (   D:4 !   D:6 :   D:7 (

Annotations:
D:8 1 runed translucent door, ratatoskos's ghost, novice TeAE
D:11 exclusion: orange crystal statue


Innate Abilities, Weirdness & Mutations

You are immune to sickness and miasma.
Your stone body is resilient. (AC +8)
You are immune to poison.
You resist negative energy. (rN+)
You are resistant to electric shocks. (rElec)
You are resistant to unholy torment.
You are immune to petrification.


Message History

You have reached level 12!
You feel clever.
You feel much better.
You hit the two-headed ogre but do no damage.
You block the two-headed ogre's attack.
The two-headed ogre hits you but does no damage.
You thump the two-headed ogre!
The two-headed ogre is lightly wounded.
You block the two-headed ogre's attack. The two-headed ogre misses you.
You hit the two-headed ogre.
The two-headed ogre is moderately wounded.
You thump the two-headed ogre!
The two-headed ogre is heavily wounded.
You block the two-headed ogre's attack. The two-headed ogre closely misses you.
You hit the two-headed ogre but do no damage.
The two-headed ogre is heavily wounded.
You block the two-headed ogre's attack.
The two-headed ogre hits you with a +0 giant club!
You thump the two-headed ogre!
The two-headed ogre is heavily wounded.
You sock the two-headed ogre!
The two-headed ogre is almost dead.
The two-headed ogre closely misses you.
The two-headed ogre hits you with a +0 giant club.
* * * LOW HITPOINT WARNING * * *
You hit the two-headed ogre but do no damage.
The two-headed ogre is almost dead.
The two-headed ogre hits you but does no damage.
You block the two-headed ogre's attack.
You hit the two-headed ogre but do no damage.
The two-headed ogre is almost dead.
You hit the two-headed ogre.
The two-headed ogre is almost dead.
You block the two-headed ogre's attack. x2
You hit the two-headed ogre.
The two-headed ogre is almost dead.
The two-headed ogre hits you with a +0 giant club!
* * * LOW HITPOINT WARNING * * *
The two-headed ogre hits you with a +0 giant club.
You die...

.....##..####.........###....# #
....###.#9.##........## #....####
..####.###....##......# ##....Y..
.## #. ##..###......####.÷..... .
. #...##..............#.. ..
#.##.................... ... #.#
##................... ###.#...
##)O.......###...... ..# #....
##.@................ #..# #..#
##.##................
##..##..#####..###.#.............
.............###......#..##...##
.8#..........#..#...####..##..##
..8#........###.....# #.##....#
$.[8.......## ###..#####.#..##.#
8$........## ##....#....###.##
}..8......## #.####...### ##.#


You could see a two-headed ogre and a gargoyle (wandering).

Vanquished Creatures
  3 two-headed ogres
  Nergalle (D:10)
  A gargoyle (D:10)
  Maggie (D:6)
  5 trolls
  A meliai (shapeshifter) (D:11)
  A queen bee (D:10)
  Grinder (D:6)
  A shadow (D:10)
  3 wyverns
  16 yaks
  Eustachio (D:5)
  A steam dragon (D:8)
  2 vampire mosquitoes (D:11)
  2 acid dragons
  3 water moccasins
  4 orc warriors
  A black bear (D:6)
  An ice beast (D:7)
  An ogre (D:7)
  6 centaurs
  3 phantoms
  Blork the orc (D:6)
  2 gnoll sergeants
  5 bullfrogs
  2 scorpions (D:5)
  5 wights (D:8)
  14 killer bees (D:10)
  3 howler monkeys
  A vampire bat (D:4)
  4 hounds
  9 orc priests
  2 jellies (D:6)
  4 sleepcaps
  7 iguanas
  9 orc wizards
  Robin (D:4)
  25 gnolls
  11 adders
  A shadow imp (D:6)
  A white imp (D:6)
  2 ufetubi
  2 worms
  A dart slug (D:2)
  60 orcs
  7 ball pythons
  2 bats (D:1)
  4 bat skeletons (D:4)
  3 bat zombies (D:4)
  7 endoplasms
  5 giant cockroaches
  9 hobgoblins
  4 jackals (D:1)
  4 quokkas
  4 frilled lizards
  18 goblins
  8 kobolds
  8 rats
314 creatures vanquished.

Vanquished Creatures (others)
  An orc wizard (D:8)
  2 orcs (D:8)
3 creatures vanquished.

Grand Total: 317 creatures vanquished

Notes
Turn   | Place    | Note
-------+----------+-------------------------------------------
     0 | D:1      | Pacifist the Gargoyle Fighter began the quest for the Orb.
     0 | D:1      | Reached XP level 1. HP: 14/14 MP: 1/1
   137 | D:1      | Reached XP level 2. HP: 18/19 MP: 2/2
   343 | D:1      | Reached XP level 3. HP: 23/23 MP: 3/3
   915 | D:2      | Identified the ring "Onuomm" {rElec EV+5}
   978 | D:2      | Found a faded altar of an unknown god.
  1219 | D:2      | Reached XP level 4. HP: 29/29 MP: 4/4
  1560 | D:3      | Reached skill level 1 in Dodging
  1731 | D:3      | Reached skill level 3 in Maces & Flails
  1736 | D:3      | Found Watz's Weapon Emporium.
  1736 | D:3      | You fall into a shaft and drop 3 floors!
  1863 | D:6      | Reached XP level 5. HP: 33/33 MP: 5/5
  1943 | D:6      | Noticed an orc warrior
  2044 | D:6      | Noticed Grinder
  2044 | D:6      | Paralysed by Grinder for 3 turns
  2060 | D:6      | Killed Grinder
  2061 | D:6      | Reached skill level 4 in Maces & Flails
  2061 | D:6      | Reached XP level 6. HP: 37/38 MP: 6/6
  2083 | D:5      | Entered Level 5 of the Dungeon
  2317 | D:4      | Found Yckech's Distillery.
  2337 | D:4      | Reached skill level 5 in Maces & Flails
  2341 | D:4      | Bought a potion of curing for 30 gold pieces
  2341 | D:4      | Bought a potion of mutation for 80 gold pieces
  2398 | D:4      | Reached XP level 7. HP: 39/44 MP: 7/7
  2704 | D:3      | Found a bloodstained altar of Trog.
  3108 | D:3      | Found a glowing silver altar of Zin.
  3510 | D:4      | Reached skill level 5 in Armour
  3733 | D:4      | Noticed Robin
  3824 | D:4      | Killed Robin
  3969 | D:4      | Found an ancient bone altar of Kikubaaqudgha.
  3975 | D:4      | Reached skill level 6 in Maces & Flails
  4100 | D:5      | Found an opulent altar of Gozag.
  4100 | D:5      | Found a blossoming altar of Fedhas.
  4121 | D:5      | Reached XP level 8. HP: 48/48 MP: 8/8
  4266 | D:5      | Reached skill level 5 in Fighting
  4453 | D:5      | Reached skill level 7 in Maces & Flails
  4791 | D:6      | Noticed Eustachio
  4791 | D:6      | Found a shimmering altar of Xom.
  4819 | D:5      | Reached skill level 5 in Shields
  4861 | D:5      | Killed Eustachio
  4939 | D:6      | Reached XP level 9. HP: 51/55 MP: 9/9
  5105 | D:6      | Reached skill level 8 in Maces & Flails
  5153 | D:6      | Noticed Maggie
  5169 | D:6      | Killed Maggie
  5290 | D:6      | Found Qynkiorr's Book Boutique.
  5310 | D:6      | Noticed Blork the orc
  5322 | D:6      | Killed Blork the orc
  6089 | D:7      | Found a staircase to the Ecumenical Temple.
  6185 | Temple   | Entered the Ecumenical Temple
  6257 | D:7      | Found Opyih's Weapon Boutique.
  6535 | D:7      | Found a glowing golden altar of the Shining One.
  6535 | D:7      | Found a sparkling altar of Nemelex Xobeh.
  6535 | D:7      | Found a shimmering blue altar of Sif Muna.
  6535 | D:7      | Found an iron altar of Okawaru.
  6539 | D:7      | Became a worshipper of the Shining One
  6545 | D:7      | Found a white marble altar of Elyvilon.
  6550 | D:7      | Found an ornate altar of the Wu Jian Council.
  7001 | D:8      | Found a flagged portal.
  7010 | Bailey   | Entered a bailey
  7579 | Bailey   | Reached skill level 9 in Maces & Flails
  7816 | D:8      | Reached XP level 10. HP: 26/61 MP: 10/10
  9116 | D:8      | Found a runed translucent door.
  9119 | D:8      | Noticed ratatoskos's ghost (novice TeAE)
  9620 | D:9      | Reached skill level 1 in Stealth
  9821 | D:9      | Reached skill level 10 in Maces & Flails
  9825 | D:9      | Reached * piety under the Shining One
 10107 | D:9      | Found a snail-covered altar of Cheibriados.
 10325 | D:9      | Found a hide-covered altar of Uskayaw.
 10372 | D:9      | Found a staircase to the Lair.
 10453 | D:9      | Found a staircase to the Orcish Mines.
 10507 | D:9      | Reached skill level 5 in Dodging
 10991 | D:9      | Found a radiant altar of Vehumet.
 11151 | D:9      | Reached skill level 1 in Invocations
 11256 | D:9      | Noticed a two-headed ogre
 11265 | D:9      | Killed a two-headed ogre
 11266 | D:9      | Reached XP level 11. HP: 53/67 MP: 10/12
 11555 | D:10     | Entered Level 10 of the Dungeon
 12005 | D:10     | Found a shadowy altar of Dithmenos.
 12072 | D:10     | Reached skill level 11 in Maces & Flails
 12399 | D:10     | Noticed Nergalle
 12429 | D:10     | Killed Nergalle
 13508 | D:11     | HP: 3/68 [yak (12)]
 13722 | D:11     | Reached ** piety under the Shining One
 13805 | D:11     | Noticed a two-headed ogre
 13806 | D:11     | Noticed an ogre mage
 13806 | D:11     | Noticed a two-headed ogre
 13806 | D:11     | Noticed a two-headed ogre
 13806 | D:11     | Noticed a two-headed ogre
 13825 | D:11     | Noticed an orange crystal statue
 14102 | D:11     | Killed a two-headed ogre
 14136 | D:11     | Killed a two-headed ogre
 14137 | D:11     | Reached XP level 12. HP: 7/73 MP: 15/15
 14148 | D:11     | Slain by a two-headed ogre

Illustrated notes

Levels and vault maps discovered:
D:1:      scummos_arrival_hexagon, layout_loops_ring
D:2:      layout_basic, hellmonk_ecumenical_altar_defaced_shrine
D:3:      layout_loops_corners, trog_butcher_becter, zin_statuary, serial_shops,
          shop
D:4:      layout_gridville, kennysheep_vampire_church, serial_shops,
          nicolae_shop_advertising_works [nicolae_subvault_shop_adworks],
          uniq_robin
D:5:      layout_cave_pools, gammafunk_temple_overflow_statue
D:6:      layout_basic, mainiacjoe_overflow_tiny_flanked, serial_shops, shop,
          uniq_grinder, uniq_blork_the_orc, uniq_maggie, uniq_eustachio
D:7:      layout_basic, minmay_overflow_temple_hex, temple_green, serial_shops,
          shop
D:8:      layout_loops_corners, ebering_ghost_reflecting_pool, enter_bailey_3
D:9:      minmay_angry_zag, layout_basic, nicolae_overflow_crystal_walls,
          nicolae_vehumet_altar_sigil, nicolae_uskayaw_dance_hall,
          dpeg_oklobed_lair, orc_0_dummy
D:10:     layout_long_grid, grunt_dithmenos_smoke, special_room
          [special_room_bee], uniq_nergalle
D:11:     layout_layer_cave, minmay_statue_bubble
Temple:   nicolae_temple_ecumenical_triangle

Skill      XL: |  1  2  3  4  5  6  7  8  9 10 11 |
---------------+----------------------------------+-----
Dodging        | 1 2 3 4 5 |  5.5
Maces & Flails | 3 4 5 6 7 9 10 11 | 11.6
Fighting       | 4 5 6 7 8 |  8.1
Armour         | 4 5 6 8 9 |  9.0
Shields        | 4 5 6 7 9 |  9.1
Stealth        | 1 |  1.2
Invocations    | 2 4 |  4.8
Throwing       | |  0.1

Action                     |  1- 3 |  4- 6 |  7- 9 | 10-12 || total
---------------------------+-------+-------+-------+-------++-------
  Melee: Flail             |   145 |    92 |   716 |   627 ||  1580
  Throw: Throwing net      |       |     1 |       |       ||     1
 Invoke: Divine Shield     |       |       |       |     3 ||     3
    Use: Scroll            |       |     1 |    13 |     9 ||    23
         Potion            |       |       |     2 |     5 ||     7
 Armour: Scale mail        |    87 |    37 |   342 |   125 ||   591
         Chain mail        |       |       |       |   102 ||   102
  Dodge: Dodged            |    92 |   102 |   602 |   402 ||  1198
  Block: Buckler           |    44 |    17 |   226 |    79 ||   366
         Tower shield      |       |       |       |   501 ||   501
